Map: Chantier naval orbital

Players

eClipse

  • Race: Zerg Zerg
  • League: Grandmaster

Videoboy

  • Race: Zerg Zerg
  • League: Grandmaster

AgCl - Winner!

  • Race: Protoss Protoss
  • League: Grandmaster

HeLeX - Winner!

  • Race: Protoss Protoss
  • League: Grandmaster

VOD

Have the link to the VOD?

Description

Time

  • Played on: May 29, 2015, 9:05 p.m.
  • Length: 15:34
Show
View Real Time Build Order
Export as new Build Order

eClipse Zerg 

Build Orders: Hatch First 

Get SALT Encoding   

  12  0:01  Drone  
  13  0:12  Overlord  
  13  0:17  Drone  
  14  0:36  Drone  
  15  0:47  Hatchery  
  15  0:49  Drone  
  15  0:58  Drone  
  15  0:59  Drone  
  15  1:01  Extractor  
  16  1:13  Spawning Pool  
  16  1:17  Drone  
  16  1:25  Overlord  
  16  1:28  Drone  
  17  1:36  Overlord  
  17  1:43  Drone  
  18  1:56  Drone  
  19  2:03  Roach Warren  
  19  2:05  Queen  
  20  2:09  Drone  
  20  2:12  Drone  
  22  2:17  Drone  
  23  2:23  Drone  
  23  2:26  Drone  
  23  2:28  Drone  
  26  2:38  Queen  
  26  2:40  Drone  
  29  2:45  Drone x2  
  29  2:47  Drone  
  32  3:05  Roach x3  
  38  3:11  Overlord  
  38  3:14  Roach x2  
  38  3:15  Roach  
  44  3:22  Overlord  
  44  3:30  Roach x2  
  48  3:35  Ravager  
  48  3:38  Roach  
  48  3:40  Overlord  
  51  3:42  Extractor  
  51  3:43  Drone  
  51  3:51  Roach  
  55  4:03  Roach  
  55  4:04  Overlord  
  55  4:11  Drone x4, Extractor  
  58  4:18  Roach x2  
  58  4:19  Hatchery  
  58  4:21  Spore Crawler  
  60  4:29  Spore Crawler  
  55  4:36  Queen  
  57  4:41  Roach x2  
  57  4:44  Drone  
  60  4:46  Drone  
  60  4:51  Drone x2  
  63  4:54  Drone  
  57  5:11  Lair  
  57  5:14  Drone x4, Extractor  
  54  5:15  Drone  
  57  5:25  Queen  
  47  5:46  Overlord  
  47  5:48  Drone x3  
  47  5:49  Drone x4  
  52  5:50  Drone x2  
  52  5:51  Roach x2  
  58  6:10  Spore Crawler  
  57  6:12  Hydralisk Den  
  57  6:15  Drone x3  
  57  6:17  Drone x5  
  57  6:18  Extractor x2  
  63  6:22  Drone x3  
  65  6:28  Glial Reconstitution  
  65  6:33  Overseer  
  65  6:47  Spore Crawler, Drone x2  
  66  6:48  Drone x4, Spine Crawler  
  66  6:49  Drone, Spine Crawler  
  66  6:50  Drone  
  70  6:57  Hydralisk  
  70  6:58  Hydralisk x2  
  70  7:00  Hydralisk  
  78  7:03  Hydralisk  
  78  7:06  Lurker Den  
  80  7:09  Overlord x2  
  80  7:17  Hydralisk  
  80  7:21  Lair  
  82  7:28  Overlord  
  82  7:29  Hydralisk x3  
  86  7:31  Hydralisk  
  90  7:39  Overlord  
  90  7:40  Spore Crawler  
  90  7:41  Hydralisk  
  90  7:42  Hydralisk  
  93  7:51  Hydralisk x3  
  93  7:53  Hydralisk  
  93  7:57  Hydralisk  
  103  7:58  Hydralisk  
  103  8:03  Drone x2  
  107  8:08  Hydralisk x2  
  107  8:09  Hydralisk  
  113  8:23  Overlord x2  
  113  8:35  Muscular Augments  
  113  8:45  Hydralisk x3  
  113  8:46  Hydralisk x3  
  125  8:53  Spire  
  122  8:57  Hatchery  
  113  9:18  Hydralisk x4  
  113  9:19  Hydralisk x4  
  113  9:21  Overlord x3  
  129  9:58  Overlord x3  
  129  10:04  Corruptor x3  
  129  10:05  Corruptor x5  
  145  10:10  Extractor  
  145  10:12  Extractor  
  143  10:16  Corruptor x2  
  143  10:20  Corruptor  
  145  10:22  Hydralisk  
  145  10:28  Drone x2  
  123  10:29  Drone  
  123  10:30  Drone  
  123  10:32  Drone x2  
  91  10:40  Drone x3  
  91  10:42  Drone x3  
  95  10:45  Corruptor  
  97  11:00  Infestation Pit  
  97  11:01  Overseer  
  97  11:02  Overseer x2  
  96  11:07  Spore Crawler  
  95  11:20  Roach x9  
  95  11:21  Roach  
  113  11:43  Hive  
  113  11:46  Overseer x2  
  113  11:51  Hydralisk x3  
  119  11:57  Hatchery  
  119  11:58  Hydralisk x2  
  122  12:16  Hydralisk x5  
  122  12:17  Hydralisk x2  
  122  12:18  Hydralisk  
  138  12:49  Corruptor  
  138  12:50  Corruptor x6  
  148  12:52  Drone x2  
  148  13:06  Viper  
  148  13:07  Viper x3  
  160  13:25  Drone  
  160  13:26  Drone x4  
  160  13:27  Drone  
  166  13:28  Overlord x3  
  166  13:31  Corruptor x2  
  166  13:32  Corruptor  
  172  13:35  Zerg Flyer Weapons Level 1  
  172  13:41  Spire  
  171  13:47  Drone x2  
  171  13:48  Drone x2  
  175  13:49  Drone x2  
  175  13:55  Spine Crawler  
  176  13:56  Spine Crawler  
  176  13:59  Spine Crawler  
  174  14:06  Corruptor  
  174  14:07  Corruptor  
  178  14:11  Corruptor  
  178  14:12  Corruptor  
  180  14:28  Overseer x2  
  168  14:36  Corruptor x4, Hydralisk x4  
  180  14:38  Hydralisk  
  141  14:50  Corruptor  
  141  14:53  Corruptor  
  141  14:55  Corruptor  
  141  14:58  Corruptor  
  144  15:06  Hatchery  
Show
View Real Time Build Order
Export as new Build Order

Videoboy Zerg 

Build Orders:  

Get SALT Encoding   

  12  0:00  Probe  
  13  0:14  Pylon  
  13  0:18  Probe  
  14  0:28  Probe  
  14  0:29  Assimilator  
  15  0:36  Probe  
  16  0:49  Probe  
  17  0:52  Gateway  
  17  0:59  Probe  
  18  1:07  Probe  
  19  1:15  Pylon  
  19  1:18  Probe  
  20  1:29  Probe  
  21  1:37  Probe  
  21  1:40  Cybernetics Core  
  22  1:47  Probe  
  22  1:48  Pylon  
  23  1:59  Probe  
  23  2:00  Assimilator  
  24  2:11  Probe  
  25  2:18  Warp Gate  
  25  2:20  Adept  
  25  2:22  Stargate  
  25  2:23  Probe  
  28  2:41  Probe  
  28  2:43  Nexus  
  29  2:49  Mothership Core  
  31  3:04  Pylon  
  31  3:10  Probe  
  32  3:13  Oracle  
  32  3:15  Forge  
  35  3:25  Probe  
  35  3:33  Probe  
  35  3:35  Assimilator  
  36  3:42  Probe  
  36  3:48  Void Ray  
  37  3:52  Probe  
  37  3:54  Probe  
  43  4:00  Probe  
  43  4:05  Assimilator  
  43  4:06  Probe  
  45  4:12  Probe  
  45  4:15  Probe, Photon Cannon  
  46  4:23  Probe  
  47  4:24  Probe  
  47  4:31  Zealot  
  49  4:34  Pylon  
  49  4:36  Probe  
  51  4:46  Probe  
  51  4:50  Probe  
  53  4:55  Probe  
  50  5:03  Probe  
  50  5:04  Photon Cannon  
  49  5:09  Nexus  
  49  5:12  Void Ray  
  49  5:14  Probe  
  49  5:17  Probe  
  54  5:27  Probe  
  52  5:29  Probe  
  52  5:38  Probe, Protoss Air Weapons Level 1  
  52  5:39  Probe  
  52  5:40  Fleet Beacon  
  52  5:47  Probe  
  52  5:51  Probe  
  54  5:59  Probe  
  54  6:01  Assimilator  
  54  6:04  Probe, Carrier  
  56  6:09  Pylon  
  56  6:11  Probe  
  56  6:16  Probe  
  58  6:22  Gateway  
  58  6:23  Probe  
  59  6:25  Probe  
  59  6:27  Gateway, Pylon  
  59  6:28  Probe  
  59  6:31  Pylon  
  61  6:36  Probe  
  62  6:41  Probe  
  62  6:45  Probe  
  70  6:49  Probe x2  
  70  6:51  Pylon  
  70  6:52  Assimilator  
  72  6:57  Probe  
  72  6:59  Zealot  
  75  7:01  Probe  
  75  7:02  Probe  
  75  7:04  Photon Cannon  
  77  7:14  Probe  
  78  7:15  Graviton Catapult  
  78  7:18  Carrier  
  78  7:21  Protoss Air Weapons Level 2, Probe  
  79  7:23  Probe  
  79  7:26  Probe  
  79  7:27  Twilight Council  
  81  7:32  Stargate  
  81  7:33  Probe  
  81  7:35  Probe  
  83  7:40  Probe, Carrier  
  87  7:45  Probe  
  87  7:49  Probe  
  87  7:50  Pylon  
  92  7:52  Probe  
  92  7:56  Stargate  
  93  7:59  Probe  
  93  8:00  Probe  
  93  8:01  Probe  
  93  8:05  Carrier  
  96  8:09  Carrier  
  96  8:11  Probe  
  96  8:18  Nexus  
  103  8:23  Templar Archives, Probe  
  103  8:25  Carrier  
  104  8:28  Pylon  
  104  8:30  Sentry  
  105  8:46  Adept x2  
  121  8:58  Pylon  
  121  9:03  Probe x2  
  129  9:11  Gateway  
  129  9:13  Pylon  
  129  9:15  Psionic Storm  
  129  9:22  Dark Shrine  
  129  9:25  Photon Cannon  
  129  9:28  Protoss Air Armor Level 1  
  129  9:30  Void Ray  
  129  9:33  Void Ray  
  133  9:39  Assimilator  
  133  9:41  Assimilator  
  133  9:43  Pylon  
  137  9:55  Nexus  
  137  10:00  Carrier x2  
  137  10:03  Probe  
  137  10:04  Gateway  
  138  10:11  Probe, Void Ray  
  142  10:18  Carrier  
  137  10:23  Probe  
  124  10:40  Dark Templar x4  
  144  10:52  Pylon, Robotics Facility  
  150  10:58  Protoss Ground Weapons Level 1  
  150  11:02  Protoss Air Weapons Level 3  
  150  11:05  Cybernetics Core  
  150  11:09  Forge  
  150  11:14  Pylon  
  150  11:19  Gateway  
  150  11:20  Gateway  
  150  11:22  Gateway  
  150  11:23  Assimilator  
  150  11:30  Void Ray  
  150  11:37  High Templar  
  150  11:38  High Templar x3  
  158  11:40  Probe x5  
  158  11:44  Observer  
  168  11:49  Assimilator  
  168  11:53  Void Ray x2  
  168  12:00  Pylon  
  168  12:22  High Templar x2  
  170  12:23  High Templar x2  
  170  12:25  Photon Cannon  
  170  12:27  Pylon  
  170  12:29  Protoss Shields Level 1  
  176  12:30  Void Ray x2  
  176  12:31  Pylon x2  
  184  12:49  Observer  
  184  12:56  Protoss Air Armor Level 2  
  185  13:02  Void Ray  
  185  13:04  Sentry  
  185  13:05  Protoss Ground Weapons Level 2  
  187  13:06  Observer  
  187  13:09  Void Ray  
  196  13:22  Void Ray  
  200  13:35  Pylon  
  200  13:37  Robotics Bay  
  200  13:40  Pylon  
  200  13:41  Gateway, Pylon  
  200  13:44  Gateway  
  200  13:48  Photon Cannon  
  199  14:18  Pylon  
  199  14:21  Warp Prism  
  179  14:33  High Templar x3  
  179  14:34  High Templar  
  184  14:40  Void Ray x3  
  158  15:24  Adept  
  158  15:25  Adept x3, Zealot x2, Stargate  
  158  15:26  Zealot x3  
  158  15:27  Dark Templar  
Show
View Real Time Build Order
Export as new Build Order

AgCl Protoss - Winner!

Build Orders:  

Get SALT Encoding   

Show
View Real Time Build Order
Export as new Build Order

HeLeX Protoss - Winner!

Build Orders:  

Get SALT Encoding   

Tags
 
Add a new tag
Caveats
  • Supply blocks, unpowered buildings, or Contaminate may cause inaccurate times.
  • Supply counts are checked every 10 seconds.